Workbook
Name ActualBeyond: PeriodInActual*('[1]Planificador de proyectos'!$E1>0)
Name period_selected: '[1]Planificador de proyectos'!$H$2
Name PeriodInActual: '[1]Planificador de proyectos'!A$4=MEDIAN('[1]Planificador de proyectos'!A$4,'[1]Planificador de proyectos'!$E1,'[1]Planificador de proyectos'!$E1+'[1]Planificador de proyectos'!$F1-1)
Name PeriodInPlan: '[1]Planificador de proyectos'!A$4=MEDIAN('[1]Planificador de proyectos'!A$4,'[1]Planificador de proyectos'!$C1,'[1]Planificador de proyectos'!$C1+'[1]Planificador de proyectos'!$D1-1)
Name Plan: PeriodInPlan*('[1]Planificador de proyectos'!$C1>0)
Name PorcentajeCompletado: PercentCompleteBeyond*PeriodInPlan
Name Real: (PeriodInActual*('[1]Planificador de proyectos'!$E1>0))*PeriodInPlan

Sheet PRESUPUESTO D. RIEGO DATIL
A1: LISTA DE MATERIALES MANTENIMIENTO DISTRITO RIEGO EL DATIL
A2: Formato de APU
A3: Analisis de precios Unitarios
A4: MANTENIMIENTO DISTRITO RIEGO EL DATIL
A6: ITEM | B6: Concepto | C6: Unidad | D6: Cantidad | E6: Valor Unidad | F6: Valor total
A7: ITEM | B7: REINSTALACION TUBERIA 8" DISTRITO RIEGO (CONSTRUCCION PASO ELEVADO) | G7: FUENTE
A8: 1 | B8: SUMINISTRO E INSTALACION GUAYA 1/2" | C8: ML | D8: 200 | E8: 20853 | F8: =EVEN(D8*E8) -> 4170600 | G8: COTIZACION
A9: =A8+1 -> 2 | B9: SUMINISTRO E INSTALACION GUAYA 1/8" | C9: ML | D9: 200 | E9: =(3108) -> 3108 | F9: =EVEN(D9*E9) -> 621600 | G9: APUS GOB.
A10: =A9+1 -> 3 | B10: SUMINSITRO E INSTALACIÓN SOPORTES O ABRAZADERAS PLATINA 1/8" D=8" | C10: UND | D10: 80 | E10: =28000 -> 28000 | F10: =EVEN(D10*E10) -> 2240000 | G10: COTIZACION
A11: =A10+1 -> 4 | B11: SUMINISTRO E INSTALACION TUBO PVC 8" R9 | C11: ML | D11: =(12*6) -> 72 | E11: 227697.72 | F11: =EVEN(D11*E11) -> 16394236 | G11: APUS GOB.
A12: =A11+1 -> 5 | B12: CONECTOR TIPO PERRO DE 1/2" (PATA LARGA) | C12: UND | D12: 10 | E12: 15850 | F12: =EVEN(D12*E12) -> 158500 | G12: COTIZACION
A13: =A12+1 -> 6 | B13: CONECTOR TIPO PERROS PARA GUAYA DE 1/8" | C13: UND | D13: 200 | E13: 2500 | F13: =EVEN(D13*E13) -> 500000 | G13: APUS GOB.
A14: =A13+1 -> 7 | B14: TORNILLOS 1/2" X 2" | C14: UND | D14: 80 | E14: 2500 | F14: =EVEN(D14*E14) -> 200000 | G14: COTIZACION
A15: =A14+1 -> 8 | B15: SUMINISTRO E INSTALACION MANGUERA DE POLIETILENO DE 3``*50m | C15: ROLLO | D15: 4 | E15: =(726786) -> 726786 | F15: =EVEN(D15*E15) -> 2907144 | G15: APUS GOB.
B16: SUBTOTAL REAPRACION RED DISTRITO | F16: =EVEN(SUM(F8:F15)) -> 27192080
B17: TOTAL . . . . . . . . | F17: =F16 -> 27192080
A18: ADMINISTRACIÓN | E18: 0.05 | F18: =F16*E18 -> 1359604
A19: IMPREVISTOS | E19: 0 | F19: =F17*E19 -> 0
A20: UTILIDAD | E20: 0 | F20: =F17*E20 -> 0
A21: TOTAL . . . . .. . . | F21: =SUM(F17:F20) -> 28551684 | H21: 28551685
G24: =H21-F21 -> 1

Sheet Formato APU
A1: ='PRESUPUESTO D. RIEGO DATIL'!A1:F1 -> LISTA DE MATERIALES MANTENIMIENTO DISTRITO RIEGO EL DATIL
A2: Formato de APU
A3: Analisis de precios Unitarios
A4: ='PRESUPUESTO D. RIEGO DATIL'!A4:F4 -> MANTENIMIENTO DISTRITO RIEGO EL DATIL
A6: ITEM | B6: Concepto | C6: Unidad | D6: Cantidad | E6: Valor Unidad | F6: Valor total
A7: ITEM | B7: REINSTALACION TUBERIA 8" DISTRITO RIEGO (CONSTRUCCION PASO ELEVADO) | G7: FUENTE
A8: 1 | B8: SUMINISTRO E INSTALACION GUAYA 1/2" | C8: ML | D8: 200 | E8: 20850 | F8: =D8*E8 -> 4170000 | G8: COTIZACION
A9: =A8+1 -> 2 | B9: SUMINISTRO E INSTALACION GUAYA 1/8" | C9: ML | D9: 200 | E9: =(3108) -> 3108 | F9: =D9*E9 -> 621600 | G9: APUS GOB.
A10: =A9+1 -> 3 | B10: SUMINSITRO E INSTALACIÓN SOPORTES O ABRAZADERAS PLATINA 1/8" D=8" | C10: UND | D10: 80 | E10: =28000 -> 28000 | F10: =D10*E10 -> 2240000 | G10: COTIZACION
A11: =A10+1 -> 4 | B11: SUMINISTRO E INSTALACION TUBO PVC 8" R9 | C11: ML | D11: =(12*6) -> 72 | E11: 227698.53 | F11: =D11*E11 -> 16394294 | G11: APUS GOB.
A12: =A11+1 -> 5 | B12: CONECTOR TIPO PERRO DE 1/2" (PATA LARGA) | C12: UND | D12: 10 | E12: 15850 | F12: =D12*E12 -> 158500 | G12: COTIZACION
A13: =A12+1 -> 6 | B13: CONECTOR TIPO PERROS PARA GUAYA DE 1/8" | C13: UND | D13: 200 | E13: 2500 | F13: =D13*E13 -> 500000 | G13: APUS GOB.
A14: =A13+1 -> 7 | B14: TORNILLOS 1/2" X 2" | C14: UND | D14: 80 | E14: 2500 | F14: =D14*E14 -> 200000 | G14: COTIZACION
A15: =A14+1 -> 8 | B15: SUMINISTRO E INSTALACION MANGUERA DE POLIETILENO DE 3``*50m | C15: ROLLO | D15: 4 | E15: =(726786) -> 726786 | F15: =D15*E15 -> 2907144 | G15: APUS GOB.
B16: SUBTOTAL REAPRACION RED DISTRITO | F16: =SUM(F8:F15) -> 27191538
B17: TOTAL . . . . . . . . | F17: =F16 -> 27191538
A18: ADMINISTRACIÓN | E18: 0.05 | F18: =F16*E18 -> 1359576.9
A19: IMPREVISTOS | E19: 0 | F19: =F17*E19 -> 0
A20: UTILIDAD | E20: 0 | F20: =F18*E20 -> 0
A21: TOTAL . . . . .. . . | F21: =SUM(F17:F20) -> 28551115

Sheet C.P.1,1
A7: MEMORIA DE CALCULO DE CANTIDADES (VOLUMENES DE OBRA) PRESUPUESTO
A9: PROYECTO | B9: ='Formato APU'!A4:F4 -> 0 | K9: FECHA: | M9: 45783
A10: CONTRATISTA CONSULTORIA
A11: SUPERVISOR
A12: DESCRIPCION
A13: CAPITULO No.: | B13: ='Formato APU'!A7 -> ITEM | C13: ='Formato APU'!B7 -> REINSTALACION TUBERIA 8" DISTRITO RIEGO (CONSTRUCCION PASO ELEVADO)
A14: SUBCAPITULO: | C14: ='Formato APU'!B7 -> REINSTALACION TUBERIA 8" DISTRITO RIEGO (CONSTRUCCION PASO ELEVADO)
A15: ITEM: | B15: ='Formato APU'!A8 -> 1 | C15: ='Formato APU'!B8 -> SUMINISTRO E INSTALACION GUAYA 1/2" | M15: UNIDAD: | N15: ='Formato APU'!C8 -> ML
A16: DATOS Y CALCULO
A17: UBICACIÓN | G17: Longitud (m) | H17: Ancho (m) | I17: Alto (m) | J17: Peso (kg) | K17: Longitud (m) | L17: No. Elem. | M17: Unidad | N17: Total
A18: Figura | E18: Descripción
E19: 1 | F19: =C15 -> SUMINISTRO E INSTALACION GUAYA 1/2" | G19: 10 | H19: 8 | I19: 1 | J19: 1 | K19: 1 | L19: 1 | M19: UN | N19: =L19*K19*J19*I19*H19*G19 -> 80
E20: 2 | N20: =(L20*K20)/1000 -> 0
E21: 3 | N21: =K21*L21 -> 0
E22: 4 | N22: =K22*L22 -> 0
E23: 5 | N23: =K23*L23 -> 0
E24: 6 | N24: =K24*L24 -> 0
E25: 7
E26: 8
E27: 9
E28: 10
E29: 11
E30: 12
E31: 13
E32: 14
A33: OBSERVACIONES | E33: Subtotal | N33: =SUM(N19:N32) -> 80
E34: Viene | N34: 0
E35: TOTAL | N35: =ROUND((N33+N34),3) -> 80

Sheet C.P.1,2 
A7: MEMORIA DE CALCULO DE CANTIDADES (VOLUMENES DE OBRA) PRESUPUESTO
A9: PROYECTO | B9: ='C.P.1,1'!B9 -> 0 | K9: FECHA: | M9: ='C.P.1,1'!M9 -> 45783
A10: CONTRATISTA CONSULTORIA
A11: SUPERVISOR
A12: DESCRIPCION
A13: CAPITULO No.: | B13: ='Formato APU'!A7 -> ITEM | C13: ='Formato APU'!B7 -> REINSTALACION TUBERIA 8" DISTRITO RIEGO (CONSTRUCCION PASO ELEVADO)
A14: SUBCAPITULO:
A15: ITEM: | B15: ='Formato APU'!A9 -> 2 | C15: ='Formato APU'!B9 -> SUMINISTRO E INSTALACION GUAYA 1/8" | M15: UNIDAD: | N15: ='Formato APU'!#REF! -> #REF!
A16: DATOS Y CALCULO
A17: UBICACIÓN | G17: Longitud (m) | H17: Ancho (m) | I17: Alto (m) | J17: Peso (kg) | K17: Valor parcial | L17: No. Elem. | M17: Unidad | N17: Total
A18: Figura | E18: Descripción
E19: 1 | F19: CIELO FALSO | G19: 10 | H19: 8 | I19: 1 | J19: 1 | K19: =G19*H19*I19*J19 -> 80 | L19: 1 | M19: UN | N19: =K19*L19 -> 80
E20: 2
E21: 3
E22: 4
E23: 5
E24: 6
E25: 7
E26: 8
E27: 9
E28: 10
E29: 11
E30: 12
E31: 13
A32: OBSERVACIONES | E32: Subtotal | N32: =SUM(N19:N31) -> 80
N33: 1
E34: TOTAL | N34: =ROUND((N32*N33),2) -> 80

Sheet C.P.1,3
A7: MEMORIA DE CALCULO DE CANTIDADES (VOLUMENES DE OBRA) PRESUPUESTO
A9: PROYECTO | B9: ='C.P.1,1'!B9 -> 0 | K9: FECHA: | M9: ='C.P.1,1'!M9 -> 45783
A10: CONTRATISTA CONSULTORIA
A11: SUPERVISOR
A12: DESCRIPCION
A13: CAPITULO No.: | B13: ='Formato APU'!#REF! -> #REF! | C13: ='Formato APU'!B7 -> REINSTALACION TUBERIA 8" DISTRITO RIEGO (CONSTRUCCION PASO ELEVADO)
A14: SUBCAPITULO:
A15: ITEM: | B15: ='Formato APU'!A10 -> 3 | C15: ='Formato APU'!B10 -> SUMINSITRO E INSTALACIÓN SOPORTES O ABRAZADERAS PLATINA 1/8" D=8" | M15: UNIDAD: | N15: ='Formato APU'!#REF! -> #REF!
A16: DATOS Y CALCULO
A17: UBICACIÓN | G17: Longitud (m) | H17: Ancho (m) | I17: Alto (m) | J17: Peso (kg) | K17: Valor parcial | L17: No. Elem. | M17: Unidad | N17: Total
A18: Figura | E18: Descripción
E19: 1 | F19: GOTERAS | G19: 10 | H19: 0.8 | I19: 1 | J19: 1 | K19: =G19*H19*I19*J19 -> 8 | L19: 1 | M19: UN | N19: =K19*L19 -> 8
E20: 2 | G20: 8 | H20: 0.2 | I20: 1 | J20: 1 | K20: =G20*H20*I20*J20 -> 1.6 | L20: 1 | M20: UN | N20: =K20*L20 -> 1.6
E21: 3 | G21: 8 | H21: 0.2 | I21: 1 | J21: 1 | K21: =G21*H21*I21*J21 -> 1.6 | L21: 1 | M21: UN | N21: =K21*L21 -> 1.6
E22: 4
E23: 5 | N23: =K23*L23 -> 0
E24: 6 | N24: =K24*L24 -> 0
E25: 7 | N25: =K25*L25 -> 0
E26: 8 | N26: =K26*L26 -> 0
E27: 9
E28: 10
E29: 11
E30: 12
E31: 13
A32: OBSERVACIONES | E32: Subtotal | N32: =SUM(N19:N31) -> 11.2
N33: 1
E34: TOTAL | N34: =ROUND((N32*N33),2) -> 11.2

Sheet C.P.1,4
A7: MEMORIA DE CALCULO DE CANTIDADES (VOLUMENES DE OBRA) PRESUPUESTO
A9: PROYECTO | B9: ='C.P.1,1'!B9 -> 0 | K9: FECHA: | M9: ='C.P.1,1'!M9 -> 45783
A10: CONTRATISTA CONSULTORIA
A11: SUPERVISOR
A12: DESCRIPCION
A13: CAPITULO No.: | B13: ='Formato APU'!A7 -> ITEM | C13: ='Formato APU'!B7 -> REINSTALACION TUBERIA 8" DISTRITO RIEGO (CONSTRUCCION PASO ELEVADO)
A14: SUBCAPITULO:
A15: ITEM: | B15: ='Formato APU'!A11 -> 4 | C15: ='Formato APU'!B11 -> SUMINISTRO E INSTALACION TUBO PVC 8" R9 | M15: UNIDAD: | N15: ML
A16: DATOS Y CALCULO
A17: UBICACIÓN | G17: Longitud (m) | H17: Ancho (m) | I17: Alto (m) | J17: Peso (kg) | K17: Valor parcial | L17: No. Elem. | M17: Unidad | N17: Total
A18: Figura | E18: Descripción
E19: 1 | F19: DESMONTE CANALES FRENTE | G19: 10 | H19: 1 | I19: 1 | J19: 1 | K19: =G19*H19*I19*J19 -> 10 | L19: 1 | M19: UN | N19: =K19*L19 -> 10
E20: 2 | F20: DESMONTE CANALES POSTERIOR | G20: 10 | H20: 1 | I20: 1 | J20: 1 | K20: =G20*H20*I20*J20 -> 10 | L20: 1 | M20: UN | N20: =K20*L20 -> 10
E21: 3 | F21: DESMONTE BAJANTES | G21: 3.5 | H21: 1 | I21: 1 | J21: 1 | K21: =G21*H21*I21*J21 -> 3.5 | L21: 1 | M21: UN | N21: =K21*L21 -> 3.5
E22: 4 | F22: DESMONTE BAJANTES | G22: 2.7 | H22: 1 | I22: 1 | J22: 1 | K22: =G22*H22*I22*J22 -> 2.7 | L22: 1 | M22: UN | N22: =K22*L22 -> 2.7
E23: 5
E24: 6
E25: 7
E26: 8
E27: 9
E28: 10
E29: 11
E30: 12
E31: 13
A32: OBSERVACIONES | E32: Subtotal | N32: =SUM(N19:N31) -> 26.2
N33: 1
E34: TOTAL | N34: =ROUND((N32*N33),2) -> 26.2

Sheet C.P.1,5
A7: MEMORIA DE CALCULO DE CANTIDADES (VOLUMENES DE OBRA) PRESUPUESTO
A9: PROYECTO | B9: ='C.P.1,1'!B9 -> 0 | K9: FECHA: | M9: ='C.P.1,1'!M9 -> 45783
A10: CONTRATISTA CONSULTORIA
A11: SUPERVISOR
A12: DESCRIPCION
A13: CAPITULO No.: | B13: ='Formato APU'!A7 -> ITEM | C13: ='Formato APU'!B7 -> REINSTALACION TUBERIA 8" DISTRITO RIEGO (CONSTRUCCION PASO ELEVADO)
A14: SUBCAPITULO:
A15: ITEM: | B15: ='Formato APU'!A12 -> 5 | C15: ='Formato APU'!B12 -> CONECTOR TIPO PERRO DE 1/2" (PATA LARGA) | M15: UNIDAD: | N15: ML
A16: DATOS Y CALCULO
A17: UBICACIÓN | G17: Longitud (m) | H17: Ancho (m) | I17: Alto (m) | J17: Peso (kg) | K17: Valor parcial | L17: No. Elem. | M17: Unidad | N17: Total
A18: Figura | E18: Descripción
E19: 1 | F19: CANAL POSTERIOR | G19: 10 | H19: 1 | I19: 1 | J19: 1 | K19: =G19*H19*I19*J19 -> 10 | L19: 1 | M19: UN | N19: =K19*L19 -> 10
E20: 2 | F20: CANAL FREONTAL | G20: 10 | H20: 1 | I20: 1 | J20: 1 | K20: =G20*H20*I20*J20 -> 10 | L20: 1 | M20: UN | N20: =K20*L20 -> 10
E21: 3
E22: 4
E23: 5
E24: 6 | O24: 1423500
E25: 7 | O25: 0.4
E26: 8 | O26: =O24*O25 -> 569400
E27: 9 | O27: 1423500
E28: 10 | O28: 0.12
E29: 11 | O29: =O27*O28 -> 170820
E30: 12 | O30: 15000
E31: 13 | O31: =O30+O29+O26 -> 755220
A32: OBSERVACIONES | E32: Subtotal | N32: =SUM(N19:N31) -> 20
N33: 1
E34: TOTAL | N34: =ROUND((N32*N33),2) -> 20

Sheet C.P.1,6
A7: MEMORIA DE CALCULO DE CANTIDADES (VOLUMENES DE OBRA) PRESUPUESTO
A9: PROYECTO | B9: ='C.P.1,1'!B9 -> 0 | K9: FECHA: | M9: ='C.P.1,1'!M9 -> 45783
A10: CONTRATISTA CONSULTORIA
A11: SUPERVISOR
A12: DESCRIPCION
A13: CAPITULO No.: | B13: ='Formato APU'!A7 -> ITEM | C13: ='Formato APU'!B7 -> REINSTALACION TUBERIA 8" DISTRITO RIEGO (CONSTRUCCION PASO ELEVADO)
A14: SUBCAPITULO:
A15: ITEM: | B15: ='Formato APU'!A13 -> 6 | C15: ='Formato APU'!B13 -> CONECTOR TIPO PERROS PARA GUAYA DE 1/8" | M15: UNIDAD: | N15: ML
A16: DATOS Y CALCULO
A17: UBICACIÓN | G17: Longitud (m) | H17: Ancho (m) | I17: Alto (m) | J17: Peso (kg) | K17: Valor parcial | L17: No. Elem. | M17: Unidad | N17: Total
A18: Figura | E18: Descripción
E19: 1 | F19: BAJANTE FRONTAL | G19: 3.5 | H19: 1 | I19: 1 | J19: 1 | K19: =G19*H19*I19*J19 -> 3.5 | L19: 1 | M19: UN | N19: =K19*L19 -> 3.5
E20: 2 | F20: BAJANTE POSTERIOR | G20: 2.7 | H20: 1 | I20: 1 | J20: 1 | K20: =G20*H20*I20*J20 -> 2.7 | L20: 1 | M20: UN | N20: =K20*L20 -> 2.7
E21: 3
E22: 4
E23: 5
E24: 6
E25: 7
E26: 8
E27: 9
E28: 10
E29: 11
E30: 12
E31: 13
A32: OBSERVACIONES | E32: Subtotal | N32: =SUM(N19:N31) -> 6.2
N33: 1
E34: TOTAL | N34: =ROUND((N32*N33),2) -> 6.2

Sheet C.P.2,1
A7: MEMORIA DE CALCULO DE CANTIDADES (VOLUMENES DE OBRA) PRESUPUESTO
A9: PROYECTO | B9: ='C.P.1,1'!B9 -> 0 | K9: FECHA: | M9: ='C.P.1,1'!M9 -> 45783
A10: CONTRATISTA CONSULTORIA
A11: SUPERVISOR
A12: DESCRIPCION
A13: CAPITULO No.: | B13: ='Formato APU'!#REF! -> #REF! | C13: ='Formato APU'!#REF! -> #REF!
A14: SUBCAPITULO:
A15: ITEM: | B15: ='Formato APU'!#REF! -> #REF! | C15: ='Formato APU'!#REF! -> #REF! | M15: UNIDAD: | N15: ML
A16: DATOS Y CALCULO
A17: UBICACIÓN | G17: Longitud (m) | H17: Ancho (m) | I17: Alto (m) | J17: Peso (kg) | K17: Valor parcial | L17: No. Elem. | M17: Unidad | N17: Total
A18: Figura | E18: Descripción
E19: 1 | F19: PAREDES LATERALES | G19: 8 | H19: 1 | I19: 3 | J19: 1 | K19: =G19*H19*I19*J19 -> 24 | L19: 1 | M19: M2 | N19: =K19*L19 -> 24
E20: 2 | G20: 8 | H20: 1 | I20: 3 | J20: 1 | K20: =G20*H20*I20*J20 -> 24 | L20: 1 | M20: M2 | N20: =K20*L20 -> 24
E21: 3 | F21: PARED FRONTAL | G21: 10 | H21: 1 | I21: 1.8 | J21: 1 | K21: =G21*H21*I21*J21 -> 18 | L21: 1 | M21: M2 | N21: =K21*L21 -> 18
E22: 4 | F22: PARED POSTERIOR | G22: 10 | H22: 1 | I22: 1.8 | J22: 1 | K22: =G22*H22*I22*J22 -> 18 | L22: 1 | M22: M2 | N22: =K22*L22 -> 18
E23: 5 | F23: PINTURA TEJA | G23: 10 | H23: 8 | I23: 1 | J23: 1 | K23: =G23*H23*I23*J23 -> 80 | L23: 1 | M23: M2 | N23: =K23*L23 -> 80
E24: 6
E25: 7
E26: 8
E27: 9
E28: 10
E29: 11
E30: 12
E31: 13
A32: OBSERVACIONES | E32: Subtotal | N32: =SUM(N19:N31) -> 164
N33: 1
E34: TOTAL | N34: =ROUND((N32*N33),2) -> 164

Sheet C.P.2,2
A7: MEMORIA DE CALCULO DE CANTIDADES (VOLUMENES DE OBRA) PRESUPUESTO
A9: PROYECTO | B9: ='C.P.1,1'!B9 -> 0 | K9: FECHA: | M9: ='C.P.1,1'!M9 -> 45783
A10: CONTRATISTA CONSULTORIA
A11: SUPERVISOR
A12: DESCRIPCION
A13: CAPITULO No.: | B13: ='Formato APU'!#REF! -> #REF! | C13: ='Formato APU'!#REF! -> #REF!
A14: SUBCAPITULO:
A15: ITEM: | B15: ='Formato APU'!#REF! -> #REF! | C15: ='Formato APU'!#REF! -> #REF! | M15: UNIDAD: | N15: ML
A16: DATOS Y CALCULO
A17: UBICACIÓN | G17: Longitud (m) | H17: Ancho (m) | I17: Alto (m) | J17: Peso (kg) | K17: Valor parcial | L17: No. Elem. | M17: Unidad | N17: Total
A18: Figura | E18: Descripción
E19: 1 | F19: PAREDES LATERALES | G19: 8 | H19: 1 | I19: 2.5 | J19: 1 | K19: =G19*H19*I19*J19 -> 20 | L19: 4 | M19: M2 | N19: =K19*L19 -> 80
E20: 2
E21: 3 | F21: PAREDES LONGITUDINALES | G21: 8 | H21: 1 | I21: 2 | J21: 1 | K21: =G21*H21*I21*J21 -> 16 | L21: 2 | M21: M2 | N21: =K21*L21 -> 32
E22: 4 | N22: =K22*L22 -> 0
E23: 5 | N23: =K23*L23 -> 0
E24: 6
E25: 7
E26: 8
E27: 9
E28: 10
E29: 11
A30: OBSERVACIONES | E30: Subtotal | N30: =SUM(N19:N29) -> 112
N31: 1
E32: TOTAL | N32: =ROUND((N30*N31),2) -> 112

Sheet C.P.2,3
A7: MEMORIA DE CALCULO DE CANTIDADES (VOLUMENES DE OBRA) PRESUPUESTO
A9: PROYECTO | B9: ='C.P.1,1'!B9 -> 0 | K9: FECHA: | M9: ='C.P.1,1'!M9 -> 45783
A10: CONTRATISTA CONSULTORIA
A11: SUPERVISOR
A12: DESCRIPCION
A13: CAPITULO No.: | B13: ='Formato APU'!#REF! -> #REF! | C13: ='Formato APU'!#REF! -> #REF!
A14: SUBCAPITULO:
A15: ITEM: | B15: ='Formato APU'!#REF! -> #REF! | C15: ='Formato APU'!#REF! -> #REF! | M15: UNIDAD: | N15: ML
A16: DATOS Y CALCULO
A17: UBICACIÓN | G17: Longitud (m) | H17: Ancho (m) | I17: Alto (m) | J17: Peso (kg) | K17: Valor parcial | L17: No. Elem. | M17: Unidad | N17: Total
A18: Figura | E18: Descripción
E19: 1 | F19: PINURA REJA VENTANAS | G19: 1.6 | H19: 1 | I19: 1 | J19: 1 | K19: =G19*H19*I19*J19 -> 1.6 | L19: 4 | M19: M2 | N19: =K19*L19 -> 6.4
E20: 2
E21: 3 | F21: PINTURA REJAS LATERALES | G21: 0.8 | H21: 1 | I21: 0.8 | J21: 1 | K21: =G21*H21*I21*J21 -> 0.64 | L21: 2 | M21: M2 | N21: =K21*L21 -> 1.28
E22: 4 | N22: =K22*L22 -> 0
E23: 5 | N23: =K23*L23 -> 0
E24: 6
E25: 7
E26: 8
E27: 9
E28: 10
E29: 11
A30: OBSERVACIONES | E30: Subtotal | N30: =SUM(N19:N29) -> 7.68
N31: 1
E32: TOTAL | N32: =ROUND((N30*N31),2) -> 7.68

Sheet C.P.2,4
A7: MEMORIA DE CALCULO DE CANTIDADES (VOLUMENES DE OBRA) PRESUPUESTO
A9: PROYECTO | B9: ='C.P.1,1'!B9 -> 0 | K9: FECHA: | M9: ='C.P.1,1'!M9 -> 45783
A10: CONTRATISTA CONSULTORIA
A11: SUPERVISOR
A12: DESCRIPCION
A13: CAPITULO No.: | B13: ='Formato APU'!#REF! -> #REF! | C13: ='Formato APU'!#REF! -> #REF!
A14: SUBCAPITULO:
A15: ITEM: | B15: ='Formato APU'!#REF! -> #REF! | C15: ='Formato APU'!#REF! -> #REF! | M15: UNIDAD: | N15: ML
A16: DATOS Y CALCULO
A17: UBICACIÓN | G17: Longitud (m) | H17: Ancho (m) | I17: Alto (m) | J17: Peso (kg) | K17: Valor parcial | L17: No. Elem. | M17: Unidad | N17: Total
A18: Figura | E18: Descripción
E19: 1 | F19: PINTURA PUERTA METALICA | G19: 1 | H19: 0.9 | I19: 2.1 | J19: 1 | K19: =G19*H19*I19*J19 -> 1.89 | L19: 1 | M19: M2 | N19: =K19*L19 -> 1.89
E20: 2 | G20: 1 | H20: 0.9 | I20: 2.1 | J20: 1 | K20: =G20*H20*I20*J20 -> 1.89 | L20: 1 | M20: M2 | N20: =K20*L20 -> 1.89
E21: 3
E22: 4
E23: 5
E24: 6
E25: 7
E26: 8
E27: 9
E28: 10
E29: 11
A30: OBSERVACIONES | E30: Subtotal | N30: =SUM(N19:N29) -> 3.78
N31: 1
E32: TOTAL | N32: =ROUND((N30*N31),2) -> 3.78

Sheet C.P.3,1
A7: MEMORIA DE CALCULO DE CANTIDADES (VOLUMENES DE OBRA) PRESUPUESTO
A9: PROYECTO | B9: ='C.P.1,1'!B9 -> 0 | K9: FECHA: | M9: ='C.P.1,1'!M9 -> 45783
A10: CONTRATISTA CONSULTORIA
A11: SUPERVISOR
A12: DESCRIPCION
A13: CAPITULO No.: | B13: ='Formato APU'!#REF! -> #REF! | C13: ='Formato APU'!#REF! -> #REF!
A14: SUBCAPITULO:
A15: ITEM: | B15: ='Formato APU'!#REF! -> #REF! | C15: ='Formato APU'!#REF! -> #REF! | M15: UNIDAD: | N15: ML
A16: DATOS Y CALCULO
A17: UBICACIÓN | G17: Longitud (m) | H17: Ancho (m) | I17: Alto (m) | J17: Peso (kg) | K17: Valor parcial | L17: No. Elem. | M17: Unidad | N17: Total
A18: Figura | E18: Descripción
E19: 1 | F19: ACOMETIDA AEREA | G19: 1 | H19: 1 | I19: 1 | J19: 1 | K19: =G19*H19*I19*J19 -> 1 | L19: 1 | M19: M2 | N19: =K19*L19 -> 1
E20: 2
E21: 3
E22: 4
E23: 5
E24: 6
E25: 7
E26: 8
E27: 9
E28: 10
E29: 11
A30: OBSERVACIONES | E30: Subtotal | N30: =SUM(N19:N29) -> 1
N31: 1
E32: TOTAL | N32: =ROUND((N30*N31),2) -> 1

Sheet C.P.3,2
A7: MEMORIA DE CALCULO DE CANTIDADES (VOLUMENES DE OBRA) PRESUPUESTO
A9: PROYECTO | B9: ='C.P.1,1'!B9 -> 0 | K9: FECHA: | M9: ='C.P.1,1'!M9 -> 45783
A10: CONTRATISTA CONSULTORIA
A11: SUPERVISOR
A12: DESCRIPCION
A13: CAPITULO No.: | B13: ='Formato APU'!#REF! -> #REF! | C13: ='Formato APU'!#REF! -> #REF!
A14: SUBCAPITULO:
A15: ITEM: | B15: ='Formato APU'!#REF! -> #REF! | C15: ='Formato APU'!#REF! -> #REF! | M15: UNIDAD: | N15: ML
A16: DATOS Y CALCULO
A17: UBICACIÓN | G17: Longitud (m) | H17: Ancho (m) | I17: Alto (m) | J17: Peso (kg) | K17: Valor parcial | L17: No. Elem. | M17: Unidad | N17: Total
A18: Figura | E18: Descripción
E19: 1 | F19: CABLE THHN 8 AWG, SANTIFRAUDE, SUB. ENTRADA A POSTE | G19: 24 | H19: 1 | I19: 1 | J19: 1 | K19: =G19*H19*I19*J19 -> 24 | L19: 1 | M19: ML | N19: =K19*L19 -> 24
E20: 2 | F20: CABLE THHN 8 AWG 7 HILOS, CJA CONTADOR-TAB. GRAL SUBIENDO POSTE Y POR ACOMETIDA ANTIGUA | G20: 35 | H20: 1 | I20: 1 | J20: 1 | K20: =G20*H20*I20*J20 -> 35 | L20: 3 | M20: ML | N20: =K20*L20 -> 105
E21: 3
E22: 4
E23: 5
E24: 6
E25: 7
E26: 8
E27: 9
E28: 10
E29: 11
A30: OBSERVACIONES | E30: Subtotal | N30: =SUM(N19:N29) -> 129
N31: 1
E32: TOTAL | N32: =ROUND((N30*N31),2) -> 129

Sheet C.P.3,3
A7: MEMORIA DE CALCULO DE CANTIDADES (VOLUMENES DE OBRA) PRESUPUESTO
A9: PROYECTO | B9: ='C.P.1,1'!B9 -> 0 | K9: FECHA: | M9: ='C.P.1,1'!M9 -> 45783
A10: CONTRATISTA CONSULTORIA
A11: SUPERVISOR
A12: DESCRIPCION
A13: CAPITULO No.: | B13: ='Formato APU'!#REF! -> #REF! | C13: ='Formato APU'!#REF! -> #REF!
A14: SUBCAPITULO:
A15: ITEM: | B15: ='Formato APU'!#REF! -> #REF! | C15: ='Formato APU'!#REF! -> #REF! | M15: UNIDAD: | N15: UN
A16: DATOS Y CALCULO
A17: UBICACIÓN | G17: Longitud (m) | H17: Ancho (m) | I17: Alto (m) | J17: Peso (kg) | K17: Valor parcial | L17: No. Elem. | M17: Unidad | N17: Total
A18: Figura | E18: Descripción
E19: 1 | F19: =C15 -> #REF! | G19: 1 | H19: 1 | I19: 1 | J19: 1 | K19: =G19*H19*I19*J19 -> 1 | L19: 1 | M19: UN | N19: =K19*L19 -> 1
E20: 2
E21: 3
E22: 4
E23: 5
E24: 6
E25: 7
E26: 8
A27: OBSERVACIONES | E27: Subtotal | N27: =SUM(N19:N26) -> 1
N28: 1
E29: TOTAL | N29: =ROUND((N27*N28),2) -> 1

Sheet C.P.3,4
A7: MEMORIA DE CALCULO DE CANTIDADES (VOLUMENES DE OBRA) PRESUPUESTO
A9: PROYECTO | B9: ='C.P.1,1'!B9 -> 0 | K9: FECHA: | M9: ='C.P.1,1'!M9 -> 45783
A10: CONTRATISTA CONSULTORIA
A11: SUPERVISOR
A12: DESCRIPCION
A13: CAPITULO No.: | B13: ='Formato APU'!#REF! -> #REF! | C13: ='Formato APU'!#REF! -> #REF!
A14: SUBCAPITULO:
A15: ITEM: | B15: ='Formato APU'!#REF! -> #REF! | C15: ='Formato APU'!#REF! -> #REF! | M15: UNIDAD: | N15: UN
A16: DATOS Y CALCULO
A17: UBICACIÓN | G17: Longitud (m) | H17: Ancho (m) | I17: Alto (m) | J17: Peso (kg) | K17: Valor parcial | L17: No. Elem. | M17: Unidad | N17: Total
A18: Figura | E18: Descripción
E19: 1 | F19: EXCAVACION PARA ACOMETIDA ELECTRICA SUBTERRANEA | G19: 24 | H19: 0.3 | I19: 0.4 | J19: 1 | K19: =G19*H19*I19*J19 -> 2.88 | L19: 1 | M19: UN | N19: =K19*L19 -> 2.88
E20: 2
E21: 3
E22: 4
E23: 5
E24: 6
E25: 7
E26: 8
A27: OBSERVACIONES | E27: Subtotal | N27: =SUM(N19:N26) -> 2.88
N28: 1
E29: TOTAL | N29: =ROUND((N27*N28),2) -> 2.88

Sheet C.P.3,5
A7: MEMORIA DE CALCULO DE CANTIDADES (VOLUMENES DE OBRA) PRESUPUESTO
A9: PROYECTO | B9: ='C.P.1,1'!B9 -> 0 | K9: FECHA: | M9: ='C.P.1,1'!M9 -> 45783
A10: CONTRATISTA CONSULTORIA
A11: SUPERVISOR
A12: DESCRIPCION
A13: CAPITULO No.: | B13: ='Formato APU'!#REF! -> #REF! | C13: ='Formato APU'!#REF! -> #REF!
A14: SUBCAPITULO:
A15: ITEM: | B15: ='Formato APU'!#REF! -> #REF! | C15: ='Formato APU'!#REF! -> #REF! | M15: UNIDAD: | N15: UN
A16: DATOS Y CALCULO
A17: UBICACIÓN | G17: Longitud (m) | H17: Ancho (m) | I17: Alto (m) | J17: Peso (kg) | K17: Valor parcial | L17: No. Elem. | M17: Unidad | N17: Total
A18: Figura | E18: Descripción
E19: 1 | F19: SALIDA TOMA, INCLUYE TOMA | G19: 1 | H19: 1 | I19: 1 | J19: 1 | K19: =G19*H19*I19*J19 -> 1 | L19: 1 | M19: UN | N19: =K19*L19 -> 1
E20: 2
E21: 3
E22: 4
E23: 5
E24: 6
E25: 7
E26: 8
A27: OBSERVACIONES | E27: Subtotal | N27: =SUM(N19:N26) -> 1
N28: 1
E29: TOTAL | N29: =ROUND((N27*N28),2) -> 1

Sheet C.P.3,6
A7: MEMORIA DE CALCULO DE CANTIDADES (VOLUMENES DE OBRA) PRESUPUESTO
A9: PROYECTO | B9: ='C.P.1,1'!B9 -> 0 | K9: FECHA: | M9: ='C.P.1,1'!M9 -> 45783
A10: CONTRATISTA CONSULTORIA
A11: SUPERVISOR
A12: DESCRIPCION
A13: CAPITULO No.: | B13: ='Formato APU'!#REF! -> #REF! | C13: ='Formato APU'!#REF! -> #REF!
A14: SUBCAPITULO:
A15: ITEM: | B15: ='Formato APU'!#REF! -> #REF! | C15: ='Formato APU'!#REF! -> #REF! | M15: UNIDAD: | N15: UN
A16: DATOS Y CALCULO
A17: UBICACIÓN | G17: Longitud (m) | H17: Ancho (m) | I17: Alto (m) | J17: Peso (kg) | K17: Valor parcial | L17: No. Elem. | M17: Unidad | N17: Total
A18: Figura | E18: Descripción
E19: 1 | F19: SALIDA TOMA, INCLUYE TOMA | G19: 1 | H19: 1 | I19: 1 | J19: 1 | K19: =G19*H19*I19*J19 -> 1 | L19: 8 | M19: UN | N19: =K19*L19 -> 8
E20: 2
E21: 3
E22: 4
E23: 5
E24: 6
E25: 7
E26: 8
A27: OBSERVACIONES | E27: Subtotal | N27: =SUM(N19:N26) -> 8
N28: 1
E29: TOTAL | N29: =ROUND((N27*N28),2) -> 8

Sheet C.P.3,7
A7: MEMORIA DE CALCULO DE CANTIDADES (VOLUMENES DE OBRA) PRESUPUESTO
A9: PROYECTO | B9: ='C.P.1,1'!B9 -> 0 | K9: FECHA: | M9: ='C.P.1,1'!M9 -> 45783
A10: CONTRATISTA CONSULTORIA
A11: SUPERVISOR
A12: DESCRIPCION
A13: CAPITULO No.: | B13: ='Formato APU'!#REF! -> #REF! | C13: ='Formato APU'!#REF! -> #REF!
A14: SUBCAPITULO:
A15: ITEM: | B15: ='Formato APU'!#REF! -> #REF! | C15: ='Formato APU'!#REF! -> #REF! | M15: UNIDAD: | N15: UN
A16: DATOS Y CALCULO
A17: UBICACIÓN | G17: Longitud (m) | H17: Ancho (m) | I17: Alto (m) | J17: Peso (kg) | K17: Valor parcial | L17: No. Elem. | M17: Unidad | N17: Total
A18: Figura | E18: Descripción
E19: 1 | F19: SALIDA TOMA, INCLUYE TOMA | G19: 1 | H19: 1 | I19: 1 | J19: 1 | K19: =G19*H19*I19*J19 -> 1 | L19: 8 | M19: UN | N19: =K19*L19 -> 8
E20: 2
E21: 3
E22: 4
E23: 5
E24: 6
E25: 7
E26: 8
A27: OBSERVACIONES | E27: Subtotal | N27: =SUM(N19:N26) -> 8
N28: 1
E29: TOTAL | N29: =ROUND((N27*N28),2) -> 8

Sheet C.P.4,1
A7: MEMORIA DE CALCULO DE CANTIDADES (VOLUMENES DE OBRA) PRESUPUESTO
A9: PROYECTO | B9: ='C.P.1,1'!B9 -> 0 | K9: FECHA: | M9: ='C.P.1,1'!M9 -> 45783
A10: CONTRATISTA CONSULTORIA
A11: SUPERVISOR
A12: DESCRIPCION
A13: CAPITULO No.: | B13: ='Formato APU'!#REF! -> #REF! | C13: ='Formato APU'!#REF! -> #REF!
A14: SUBCAPITULO:
A15: ITEM: | B15: ='Formato APU'!#REF! -> #REF! | C15: ='Formato APU'!#REF! -> #REF! | M15: UNIDAD: | N15: M2
A16: DATOS Y CALCULO
A17: UBICACIÓN | G17: Longitud (m) | H17: Ancho (m) | I17: Alto (m) | J17: Peso (kg) | K17: Valor parcial | L17: No. Elem. | M17: Unidad | N17: Total
A18: Figura | E18: Descripción
E19: 1 | F19: =C15 -> #REF! | G19: 1 | H19: 0.9 | I19: 0.9 | J19: 1 | K19: =G19*H19*I19*J19 -> 0.81 | L19: 1 | M19: UN | N19: =K19*L19 -> 0.81
E20: 2
E21: 3
E22: 4
E23: 5
E24: 6
E25: 7
E26: 8
A27: OBSERVACIONES | E27: Subtotal | N27: =SUM(N19:N26) -> 0.81
N28: 1
E29: TOTAL | N29: =ROUND((N27*N28),2) -> 0.81

Sheet C.P.4,2
A7: MEMORIA DE CALCULO DE CANTIDADES (VOLUMENES DE OBRA) PRESUPUESTO
A9: PROYECTO | B9: ='C.P.1,1'!B9 -> 0 | K9: FECHA: | M9: ='C.P.1,1'!M9 -> 45783
A10: CONTRATISTA CONSULTORIA
A11: SUPERVISOR
A12: DESCRIPCION
A13: CAPITULO No.: | B13: ='Formato APU'!#REF! -> #REF! | C13: ='Formato APU'!#REF! -> #REF!
A14: SUBCAPITULO:
A15: ITEM: | B15: ='Formato APU'!#REF! -> #REF! | C15: ='Formato APU'!#REF! -> #REF! | M15: UNIDAD: | N15: M2
A16: DATOS Y CALCULO
A17: UBICACIÓN | G17: Longitud (m) | H17: Ancho (m) | I17: Alto (m) | J17: Peso (kg) | K17: Valor parcial | L17: No. Elem. | M17: Unidad | N17: Total
A18: Figura | E18: Descripción
E19: 1 | F19: =C15 -> #REF! | G19: 1 | H19: 0.5 | I19: 0.7 | J19: 1 | K19: =G19*H19*I19*J19 -> 0.35 | L19: 1 | M19: UN | N19: =K19*L19 -> 0.35
E20: 2
E21: 3
E22: 4
E23: 5
E24: 6
E25: 7
E26: 8
A27: OBSERVACIONES | E27: Subtotal | N27: =SUM(N19:N26) -> 0.35
N28: 1
E29: TOTAL | N29: =ROUND((N27*N28),2) -> 0.35

Sheet C.P.4,3
A7: MEMORIA DE CALCULO DE CANTIDADES (VOLUMENES DE OBRA) PRESUPUESTO
A9: PROYECTO | B9: ='C.P.1,1'!B9 -> 0 | K9: FECHA: | M9: ='C.P.1,1'!M9 -> 45783
A10: CONTRATISTA CONSULTORIA
A11: SUPERVISOR
A12: DESCRIPCION
A13: CAPITULO No.: | B13: ='Formato APU'!#REF! -> #REF! | C13: ='Formato APU'!#REF! -> #REF!
A14: SUBCAPITULO:
A15: ITEM: | B15: ='Formato APU'!#REF! -> #REF! | C15: ='Formato APU'!#REF! -> #REF! | M15: UNIDAD: | N15: M2
A16: DATOS Y CALCULO
A17: UBICACIÓN | G17: Longitud (m) | H17: Ancho (m) | I17: Alto (m) | J17: Peso (kg) | K17: Valor parcial | L17: No. Elem. | M17: Unidad | N17: Total
A18: Figura | E18: Descripción
E19: 1 | F19: =C15 -> #REF! | G19: 1 | H19: 0.51 | I19: 1.4 | J19: 1 | K19: =G19*H19*I19*J19 -> 0.714 | L19: 1 | M19: UN | N19: =K19*L19 -> 0.714
E20: 2
E21: 3
E22: 4
E23: 5
E24: 6
E25: 7
E26: 8
A27: OBSERVACIONES | E27: Subtotal | N27: =SUM(N19:N26) -> 0.714
N28: 1
E29: TOTAL | N29: =ROUND((N27*N28),2) -> 0.71

Sheet A.P.U 1,1
A7: PROYECTO: | B7: ='C.P.1,1'!B9:J9 -> 0
A8: FECHA: | B8: 45783
A9: CAPITULO | B9: ='Formato APU'!B7 -> REINSTALACION TUBERIA 8" DISTRITO RIEGO (CONSTRUCCION PASO ELEVADO)
A11: ITEM | B11: DESCRIPCION | E11: UNIDAD | F11: CANT | G11: VALOR
A12: ='C.P.1,1'!B15 -> 1 | B12: ='C.P.1,1'!C15 -> SUMINISTRO E INSTALACION GUAYA 1/2" | E12: ='Formato APU'!C8 -> ML | F12: ='Formato APU'!D8 -> 200 | G12: =G37 -> 9430.39
A14: I. EQUIPOS
A15: DESCRIPCION | C15: UNIDAD | D15: CANTIDAD | E15: VR UNIT. | F15: VR PARCIAL | G15: SUBTOTAL
F18: =ROUND((E18*D18),2) -> 0
F19: =ROUND((E19*D19),2) -> 0
F20: =ROUND((E20*D20),2) -> 0
A21: SUBTOTAL EQUIPOS | G21: =ROUND((SUM(F16:F20)),2) -> 0
A23: II. MATERIALES
A24: DESCRIPCION | C24: UNIDAD | D24: CANTIDAD | E24: VR UNIT. | F24: VR PARCIAL | G24: SUBTOTAL
F25: =ROUND((E25*D25),2) -> 0
F27: =ROUND((E27*D27),2) -> 0
F28: =ROUND((E28*D28),2) -> 0
F29: =ROUND((E29*D29),2) -> 0
A30: SUBTOTAL MATERIALES | G30: =ROUND((SUM(F25:F29)),2) -> 0
A32: III. TRANSPORTE
A33: NOMBRE | C33: UNIDAD | D33: CANTIDAD | E33: VR UNIT. | F33: VR PARCIAL | G33: SUBTOTAL
F34: =ROUND((E34*D34),2) -> 0
A35: SUBTOTAL MANO DE OBRA | G35: 9430.39
A37: TOTAL COSTOS DIRECTOS | G37: =G35 -> 9430.39

Sheet A.P.U 1,2
A1: PROYECTO: | B1: ='A.P.U 1,1'!B7:G7 -> 0
A2: FECHA: | B2: ='A.P.U 1,1'!B8:G8 -> 45783
A3: CAPITULO | B3: ='Formato APU'!B7 -> REINSTALACION TUBERIA 8" DISTRITO RIEGO (CONSTRUCCION PASO ELEVADO)
A5: ITEM | B5: DESCRIPCION | E5: UNIDAD | F5: CANT | G5: VALOR
A6: ='C.P.1,1'!B15 -> 1 | B6: ='Formato APU'!B9 -> SUMINISTRO E INSTALACION GUAYA 1/8" | E6: ='Formato APU'!C8 -> ML | F6: ='Formato APU'!D8 -> 200 | G6: =G37 -> 59557.76
A10: II. MATERIALES
A11: DESCRIPCION | C11: UNIDAD | D11: CANTIDAD | E11: VR UNIT. | F11: VR PARCIAL | G11: SUBTOTAL
F12: =ROUND((E12*D12),2) -> 0
F14: =ROUND((E14*D14),2) -> 0
F15: =ROUND((E15*D15),2) -> 0
F16: =ROUND((E16*D16),2) -> 0
A17: SUBTOTAL MATERIALES | G17: =ROUND((SUM(F12:F16)),2) -> 0
A19: III. TRANSPORTE
A20: NOMBRE | C20: UNIDAD | D20: CANTIDAD | E20: VR UNIT. | F20: VR PARCIAL | G20: SUBTOTAL
F21: =ROUND((E21*D21),2) -> 0
F22: =ROUND((E22*D22),2) -> 0
F23: =ROUND((E23*D23),2) -> 0
F24: =ROUND((E24*D24),2) -> 0
F25: =ROUND((E25*D25),2) -> 0
A26: SUBTOTAL TRASPORTE | G26: =ROUND((SUM(F21:F25)),2) -> 0
A28: IV. MANO DE OBRA
A29: TRABAJADOR | C29: UNIDAD | D29: CANTIDAD | E29: VR UNIT. | F29: VR PARCIAL | G29: SUBTOTAL
A35: SUBTOTAL | G35: 59557.76
A37: TOTAL COSTOS DIRECTOS | G37: =SUM(G35+G26+G17+G8) -> 59557.76

Sheet A.P.U 1,3
A1: PROYECTO: | B1: ='A.P.U 1,2'!$B$1:$G$1 -> 0
A2: FECHA: | B2: ='A.P.U 1,2'!$B$2:$G$2 -> 45783
A3: CAPITULO | B3: ='Formato APU'!B7 -> REINSTALACION TUBERIA 8" DISTRITO RIEGO (CONSTRUCCION PASO ELEVADO)
A5: ITEM | B5: DESCRIPCION | E5: UNIDAD | F5: CANT | G5: VALOR
A6: ='Formato APU'!A10 -> 3 | B6: ='Formato APU'!B9 -> SUMINISTRO E INSTALACION GUAYA 1/8" | E6: ='Formato APU'!C8 -> ML | F6: ='Formato APU'!D8 -> 200 | G6: =G33 -> 17450.87
A10: II. MATERIALES
A11: DESCRIPCION | C11: UNIDAD | D11: CANTIDAD | E11: VR UNIT. | F11: VR PARCIAL | G11: SUBTOTAL
F12: =ROUND((E12*D12),2) -> 0
F14: =ROUND((E14*D14),2) -> 0
F15: =ROUND((E15*D15),2) -> 0
F16: =ROUND((E16*D16),2) -> 0
A17: SUBTOTAL MATERIALES | G17: =ROUND((SUM(F12:F16)),2) -> 0
A19: III. TRANSPORTE
A20: NOMBRE | C20: UNIDAD | D20: CANTIDAD | E20: VR UNIT. | F20: VR PARCIAL | G20: SUBTOTAL
F21: =ROUND((E21*D21),2) -> 0
F22: =ROUND((E22*D22),2) -> 0
F23: =ROUND((E23*D23),2) -> 0
F24: =ROUND((E24*D24),2) -> 0
F25: =ROUND((E25*D25),2) -> 0
A26: SUBTOTAL TRASPORTE | G26: =ROUND((SUM(F21:F25)),2) -> 0
A28: IV. MANO DE OBRA
A29: TRABAJADOR | C29: UNIDAD | D29: CANTIDAD | E29: VR UNIT. | F29: VR PARCIAL | G29: SUBTOTAL
A31: SUBTOTAL | G31: 17450.87
A33: TOTAL COSTOS DIRECTOS | G33: =SUM(G31+G26+G17+G8) -> 17450.87

Sheet A.P.U 1,4
A1: PROYECTO: | B1: ='A.P.U 1,2'!$B$1:$G$1 -> 0
A2: FECHA: | B2: ='A.P.U 1,2'!$B$2:$G$2 -> 45783
A3: CAPITULO | B3: ='Formato APU'!B7 -> REINSTALACION TUBERIA 8" DISTRITO RIEGO (CONSTRUCCION PASO ELEVADO)
A5: ITEM | B5: DESCRIPCION | E5: UNIDAD | F5: CANT | G5: VALOR
A6: ='Formato APU'!A11 -> 4 | B6: ='Formato APU'!B11 -> SUMINISTRO E INSTALACION TUBO PVC 8" R9 | E6: ='Formato APU'!C8 -> ML | F6: ='Formato APU'!D8 -> 200 | G6: =G33 -> 10148.74
A10: II. MATERIALES
A11: DESCRIPCION | C11: UNIDAD | D11: CANTIDAD | E11: VR UNIT. | F11: VR PARCIAL | G11: SUBTOTAL
F12: =ROUND((E12*D12),2) -> 0
F14: =ROUND((E14*D14),2) -> 0
F15: =ROUND((E15*D15),2) -> 0
F16: =ROUND((E16*D16),2) -> 0
A17: SUBTOTAL MATERIALES | G17: =ROUND((SUM(F12:F16)),2) -> 0
A19: III. TRANSPORTE
A20: NOMBRE | C20: UNIDAD | D20: CANTIDAD | E20: VR UNIT. | F20: VR PARCIAL | G20: SUBTOTAL
F21: =ROUND((E21*D21),2) -> 0
F22: =ROUND((E22*D22),2) -> 0
F23: =ROUND((E23*D23),2) -> 0
F24: =ROUND((E24*D24),2) -> 0
F25: =ROUND((E25*D25),2) -> 0
A26: SUBTOTAL TRASPORTE | G26: =ROUND((SUM(F21:F25)),2) -> 0
A28: IV. MANO DE OBRA
A29: TRABAJADOR | C29: UNIDAD | D29: CANTIDAD | E29: VR UNIT. | F29: VR PARCIAL | G29: SUBTOTAL
A31: SUBTOTAL | G31: 10148.74
A33: TOTAL COSTOS DIRECTOS | G33: =SUM(G31+G26+G17+G8) -> 10148.74

Sheet A.P.U 1,5
A1: PROYECTO: | B1: ='A.P.U 1,2'!$B$1:$G$1 -> 0
A2: FECHA: | B2: ='A.P.U 1,2'!$B$2:$G$2 -> 45783
A3: CAPITULO | B3: ='Formato APU'!B7 -> REINSTALACION TUBERIA 8" DISTRITO RIEGO (CONSTRUCCION PASO ELEVADO)
A5: ITEM | B5: DESCRIPCION | E5: UNIDAD | F5: CANT | G5: VALOR
A6: ='Formato APU'!A12 -> 5 | B6: ='Formato APU'!B12 -> CONECTOR TIPO PERRO DE 1/2" (PATA LARGA) | E6: ML | F6: ='Formato APU'!D12 -> 10 | G6: =G33 -> 84768.97
A10: II. MATERIALES
A11: DESCRIPCION | C11: UNIDAD | D11: CANTIDAD | E11: VR UNIT. | F11: VR PARCIAL | G11: SUBTOTAL
F12: =ROUND((E12*D12),2) -> 0
F14: =ROUND((E14*D14),2) -> 0
F15: =ROUND((E15*D15),2) -> 0
F16: =ROUND((E16*D16),2) -> 0
A17: SUBTOTAL MATERIALES | G17: =ROUND((SUM(F12:F16)),2) -> 0
A19: III. TRANSPORTE
A20: NOMBRE | C20: UNIDAD | D20: CANTIDAD | E20: VR UNIT. | F20: VR PARCIAL | G20: SUBTOTAL
F21: =ROUND((E21*D21),2) -> 0
F22: =ROUND((E22*D22),2) -> 0
F23: =ROUND((E23*D23),2) -> 0
F24: =ROUND((E24*D24),2) -> 0
F25: =ROUND((E25*D25),2) -> 0
A26: SUBTOTAL TRASPORTE | G26: =ROUND((SUM(F21:F25)),2) -> 0
A28: IV. MANO DE OBRA
A29: TRABAJADOR | C29: UNIDAD | D29: CANTIDAD | E29: VR UNIT. | F29: VR PARCIAL | G29: SUBTOTAL
A31: SUBTOTAL | G31: 84768.97
A33: TOTAL COSTOS DIRECTOS | G33: =SUM(G31+G26+G17+G8) -> 84768.97

Sheet A.P.U 1,6
A1: PROYECTO: | B1: ='A.P.U 1,2'!$B$1:$G$1 -> 0
A2: FECHA: | B2: ='A.P.U 1,2'!$B$2:$G$2 -> 45783
A3: CAPITULO | B3: ='Formato APU'!B7 -> REINSTALACION TUBERIA 8" DISTRITO RIEGO (CONSTRUCCION PASO ELEVADO)
A5: ITEM | B5: DESCRIPCION | E5: UNIDAD | F5: CANT | G5: VALOR
A6: ='Formato APU'!A12 -> 5 | B6: ='Formato APU'!B13 -> CONECTOR TIPO PERROS PARA GUAYA DE 1/8" | E6: ML | F6: ='C.P.1,6'!N34 -> 6.2 | G6: =G33 -> 75029.33
A10: II. MATERIALES
A11: DESCRIPCION | C11: UNIDAD | D11: CANTIDAD | E11: VR UNIT. | F11: VR PARCIAL | G11: SUBTOTAL
F12: =ROUND((E12*D12),2) -> 0
F14: =ROUND((E14*D14),2) -> 0
F15: =ROUND((E15*D15),2) -> 0
F16: =ROUND((E16*D16),2) -> 0
A17: SUBTOTAL MATERIALES | G17: =ROUND((SUM(F12:F16)),2) -> 0
A19: III. TRANSPORTE
A20: NOMBRE | C20: UNIDAD | D20: CANTIDAD | E20: VR UNIT. | F20: VR PARCIAL | G20: SUBTOTAL
F21: =ROUND((E21*D21),2) -> 0
F22: =ROUND((E22*D22),2) -> 0
F23: =ROUND((E23*D23),2) -> 0
F24: =ROUND((E24*D24),2) -> 0
F25: =ROUND((E25*D25),2) -> 0
A26: SUBTOTAL TRASPORTE | G26: =ROUND((SUM(F21:F25)),2) -> 0
A28: IV. MANO DE OBRA
A29: TRABAJADOR | C29: UNIDAD | D29: CANTIDAD | E29: VR UNIT. | F29: VR PARCIAL | G29: SUBTOTAL
A31: SUBTOTAL | G31: 75029.33
A33: TOTAL COSTOS DIRECTOS | G33: =SUM(G31+G26+G17+G8) -> 75029.33

Sheet A.P.U 2,1
A1: PROYECTO: | B1: ='A.P.U 1,2'!$B$1:$G$1 -> 0
A2: FECHA: | B2: ='A.P.U 1,2'!$B$2:$G$2 -> 45783
A3: CAPITULO | B3: ='Formato APU'!#REF! -> #REF!
A5: ITEM | B5: DESCRIPCION | E5: UNIDAD | F5: CANT | G5: VALOR
A6: ='Formato APU'!#REF! -> #REF! | B6: ='Formato APU'!#REF! -> #REF! | E6: M2 | F6: ='C.P.2,1'!N34 -> 164 | G6: =G33 -> 19824.16
A10: II. MATERIALES
A11: DESCRIPCION | C11: UNIDAD | D11: CANTIDAD | E11: VR UNIT. | F11: VR PARCIAL | G11: SUBTOTAL
F12: =ROUND((E12*D12),2) -> 0
F14: =ROUND((E14*D14),2) -> 0
F15: =ROUND((E15*D15),2) -> 0
F16: =ROUND((E16*D16),2) -> 0
A17: SUBTOTAL MATERIALES | G17: =ROUND((SUM(F12:F16)),2) -> 0
A19: III. TRANSPORTE
A20: NOMBRE | C20: UNIDAD | D20: CANTIDAD | E20: VR UNIT. | F20: VR PARCIAL | G20: SUBTOTAL
F21: =ROUND((E21*D21),2) -> 0
F22: =ROUND((E22*D22),2) -> 0
F23: =ROUND((E23*D23),2) -> 0
F24: =ROUND((E24*D24),2) -> 0
F25: =ROUND((E25*D25),2) -> 0
A26: SUBTOTAL TRASPORTE | G26: =ROUND((SUM(F21:F25)),2) -> 0
A28: IV. MANO DE OBRA
A29: TRABAJADOR | C29: UNIDAD | D29: CANTIDAD | E29: VR UNIT. | F29: VR PARCIAL | G29: SUBTOTAL
A31: SUBTOTAL | G31: 19824.16
A33: TOTAL COSTOS DIRECTOS | G33: =SUM(G31+G26+G17+G8) -> 19824.16

Sheet A.P.U 2,2
A1: PROYECTO: | B1: ='A.P.U 1,2'!$B$1:$G$1 -> 0
A2: FECHA: | B2: ='A.P.U 1,2'!$B$2:$G$2 -> 45783
A3: CAPITULO | B3: ='Formato APU'!#REF! -> #REF!
A5: ITEM | B5: DESCRIPCION | E5: UNIDAD | F5: CANT | G5: VALOR
A6: ='Formato APU'!#REF! -> #REF! | B6: ='Formato APU'!#REF! -> #REF! | E6: M2 | F6: ='Formato APU'!#REF! -> #REF! | G6: =G33 -> 9941.61
A10: II. MATERIALES
A11: DESCRIPCION | C11: UNIDAD | D11: CANTIDAD | E11: VR UNIT. | F11: VR PARCIAL | G11: SUBTOTAL
F12: =ROUND((E12*D12),2) -> 0
F14: =ROUND((E14*D14),2) -> 0
F15: =ROUND((E15*D15),2) -> 0
F16: =ROUND((E16*D16),2) -> 0
A17: SUBTOTAL MATERIALES | G17: =ROUND((SUM(F12:F16)),2) -> 0
A19: III. TRANSPORTE
A20: NOMBRE | C20: UNIDAD | D20: CANTIDAD | E20: VR UNIT. | F20: VR PARCIAL | G20: SUBTOTAL
F21: =ROUND((E21*D21),2) -> 0
F22: =ROUND((E22*D22),2) -> 0
F23: =ROUND((E23*D23),2) -> 0
F24: =ROUND((E24*D24),2) -> 0
F25: =ROUND((E25*D25),2) -> 0
A26: SUBTOTAL TRASPORTE | G26: =ROUND((SUM(F21:F25)),2) -> 0
A28: IV. MANO DE OBRA
A29: TRABAJADOR | C29: UNIDAD | D29: CANTIDAD | E29: VR UNIT. | F29: VR PARCIAL | G29: SUBTOTAL
A31: SUBTOTAL | G31: 9941.61
A33: TOTAL COSTOS DIRECTOS | G33: =SUM(G31+G26+G17+G8) -> 9941.61

Sheet A.P.U 2,3
A1: PROYECTO: | B1: ='A.P.U 1,2'!$B$1:$G$1 -> 0
A2: FECHA: | B2: ='A.P.U 1,2'!$B$2:$G$2 -> 45783
A3: CAPITULO | B3: ='Formato APU'!#REF! -> #REF!
A5: ITEM | B5: DESCRIPCION | E5: UNIDAD | F5: CANT | G5: VALOR
A6: ='Formato APU'!#REF! -> #REF! | B6: ='Formato APU'!#REF! -> #REF! | E6: ML | F6: ='Formato APU'!#REF! -> #REF! | G6: =G35 -> 8226.84
A10: II. MATERIALES
A11: DESCRIPCION | C11: UNIDAD | D11: CANTIDAD | E11: VR UNIT. | F11: VR PARCIAL | G11: SUBTOTAL
F12: =ROUND((E12*D12),2) -> 0
F13: =ROUND((E13*D13),2) -> 0
F14: =ROUND((E14*D14),2) -> 0
F15: =ROUND((E15*D15),2) -> 0
F16: =ROUND((E16*D16),2) -> 0
A17: SUBTOTAL MATERIALES | G17: =ROUND((SUM(F12:F16)),2) -> 0
A19: III. TRANSPORTE
A20: NOMBRE | C20: UNIDAD | D20: CANTIDAD | E20: VR UNIT. | F20: VR PARCIAL | G20: SUBTOTAL
F21: =ROUND((E21*D21),2) -> 0
F22: =ROUND((E22*D22),2) -> 0
F23: =ROUND((E23*D23),2) -> 0
F24: =ROUND((E24*D24),2) -> 0
F25: =ROUND((E25*D25),2) -> 0
A26: SUBTOTAL TRASPORTE | G26: =ROUND((SUM(F21:F25)),2) -> 0
A30: IV. MANO DE OBRA
A31: TRABAJADOR | C31: UNIDAD | D31: CANTIDAD | E31: VR UNIT. | F31: VR PARCIAL | G31: SUBTOTAL
A33: SUBTOTAL | G33: 8226.84
A35: TOTAL COSTOS DIRECTOS | G35: =SUM(G33+G26+G17+G8) -> 8226.84

Sheet A.P.U 2,4
A1: PROYECTO: | B1: ='A.P.U 1,2'!$B$1:$G$1 -> 0
A2: FECHA: | B2: ='A.P.U 1,2'!$B$2:$G$2 -> 45783
A3: CAPITULO | B3: ='Formato APU'!#REF! -> #REF!
A5: ITEM | B5: DESCRIPCION | E5: UNIDAD | F5: CANT | G5: VALOR
A6: ='Formato APU'!#REF! -> #REF! | B6: ='Formato APU'!#REF! -> #REF! | E6: M2 | F6: ='Formato APU'!#REF! -> #REF! | G6: =G35 -> 21284.69
A10: II. MATERIALES
A11: DESCRIPCION | C11: UNIDAD | D11: CANTIDAD | E11: VR UNIT. | F11: VR PARCIAL | G11: SUBTOTAL
F12: =ROUND((E12*D12),2) -> 0
F13: =ROUND((E13*D13),2) -> 0
F14: =ROUND((E14*D14),2) -> 0
F15: =ROUND((E15*D15),2) -> 0
F16: =ROUND((E16*D16),2) -> 0
A17: SUBTOTAL MATERIALES | G17: =ROUND((SUM(F12:F16)),2) -> 0
A19: III. TRANSPORTE
A20: NOMBRE | C20: UNIDAD | D20: CANTIDAD | E20: VR UNIT. | F20: VR PARCIAL | G20: SUBTOTAL
F21: =ROUND((E21*D21),2) -> 0
F22: =ROUND((E22*D22),2) -> 0
F23: =ROUND((E23*D23),2) -> 0
F24: =ROUND((E24*D24),2) -> 0
F25: =ROUND((E25*D25),2) -> 0
A26: SUBTOTAL TRASPORTE | G26: =ROUND((SUM(F21:F25)),2) -> 0
A30: IV. MANO DE OBRA
A31: TRABAJADOR | C31: UNIDAD | D31: CANTIDAD | E31: VR UNIT. | F31: VR PARCIAL | G31: SUBTOTAL
A33: SUBTOTAL | G33: 21284.69
A35: TOTAL COSTOS DIRECTOS | G35: =SUM(G33+G26+G17+G8) -> 21284.69

Sheet A.P.U 3,1
A1: PROYECTO: | B1: ='A.P.U 1,2'!$B$1:$G$1 -> 0
A2: FECHA: | B2: ='A.P.U 1,2'!$B$2:$G$2 -> 45783
A3: CAPITULO | B3: ='Formato APU'!#REF! -> #REF!
A5: ITEM | B5: DESCRIPCION | E5: UNIDAD | F5: CANT | G5: VALOR
A6: ='Formato APU'!#REF! -> #REF! | B6: ='Formato APU'!#REF! -> #REF! | E6: M2 | F6: ='Formato APU'!#REF! -> #REF! | G6: =G35 -> 251747.25
A10: II. MATERIALES
A11: DESCRIPCION | C11: UNIDAD | D11: CANTIDAD | E11: VR UNIT. | F11: VR PARCIAL | G11: SUBTOTAL
F12: =ROUND((E12*D12),2) -> 0
F13: =ROUND((E13*D13),2) -> 0
F14: =ROUND((E14*D14),2) -> 0
F15: =ROUND((E15*D15),2) -> 0
F16: =ROUND((E16*D16),2) -> 0
A17: SUBTOTAL MATERIALES | G17: =ROUND((SUM(F12:F16)),2) -> 0
A19: III. TRANSPORTE
A20: NOMBRE | C20: UNIDAD | D20: CANTIDAD | E20: VR UNIT. | F20: VR PARCIAL | G20: SUBTOTAL
F21: =ROUND((E21*D21),2) -> 0
F22: =ROUND((E22*D22),2) -> 0
F23: =ROUND((E23*D23),2) -> 0
F24: =ROUND((E24*D24),2) -> 0
F25: =ROUND((E25*D25),2) -> 0
A26: SUBTOTAL TRASPORTE | G26: =ROUND((SUM(F21:F25)),2) -> 0
A30: IV. MANO DE OBRA
A31: TRABAJADOR | C31: UNIDAD | D31: CANTIDAD | E31: VR UNIT. | F31: VR PARCIAL | G31: SUBTOTAL
A33: SUBTOTAL | G33: 251747.25
A35: TOTAL COSTOS DIRECTOS | G35: =SUM(G33+G26+G17+G8) -> 251747.25

Sheet A.P.U 3,2
A1: PROYECTO: | B1: ='A.P.U 1,2'!$B$1:$G$1 -> 0
A2: FECHA: | B2: ='A.P.U 1,2'!$B$2:$G$2 -> 45783
A3: CAPITULO | B3: ='Formato APU'!#REF! -> #REF!
A5: ITEM | B5: DESCRIPCION | E5: UNIDAD | F5: CANT | G5: VALOR
A6: ='Formato APU'!#REF! -> #REF! | B6: ='Formato APU'!#REF! -> #REF! | E6: ML | F6: ='Formato APU'!#REF! -> #REF! | G6: =G35 -> 8780.93
A10: II. MATERIALES
A11: DESCRIPCION | C11: UNIDAD | D11: CANTIDAD | E11: VR UNIT. | F11: VR PARCIAL | G11: SUBTOTAL
F12: =ROUND((E12*D12),2) -> 0
F13: =ROUND((E13*D13),2) -> 0
F14: =ROUND((E14*D14),2) -> 0
F15: =ROUND((E15*D15),2) -> 0
F16: =ROUND((E16*D16),2) -> 0
A17: SUBTOTAL MATERIALES | G17: =ROUND((SUM(F12:F16)),2) -> 0
A19: III. TRANSPORTE
A20: NOMBRE | C20: UNIDAD | D20: CANTIDAD | E20: VR UNIT. | F20: VR PARCIAL | G20: SUBTOTAL
F21: =ROUND((E21*D21),2) -> 0
F22: =ROUND((E22*D22),2) -> 0
F23: =ROUND((E23*D23),2) -> 0
F24: =ROUND((E24*D24),2) -> 0
F25: =ROUND((E25*D25),2) -> 0
A26: SUBTOTAL TRASPORTE | G26: =ROUND((SUM(F21:F25)),2) -> 0
A30: IV. MANO DE OBRA
A31: TRABAJADOR | C31: UNIDAD | D31: CANTIDAD | E31: VR UNIT. | F31: VR PARCIAL | G31: SUBTOTAL
A33: SUBTOTAL | G33: 8780.93
A35: TOTAL COSTOS DIRECTOS | G35: =SUM(G33+G26+G17+G8) -> 8780.93

Sheet A.P.U 3,3
A1: PROYECTO: | B1: ='A.P.U 1,2'!$B$1:$G$1 -> 0
A2: FECHA: | B2: ='A.P.U 1,2'!$B$2:$G$2 -> 45783
A3: CAPITULO | B3: ='Formato APU'!#REF! -> #REF!
A5: ITEM | B5: DESCRIPCION | E5: UNIDAD | F5: CANT | G5: VALOR
A6: ='Formato APU'!#REF! -> #REF! | B6: ='Formato APU'!#REF! -> #REF! | E6: UNIDAD | F6: ='Formato APU'!#REF! -> #REF! | G6: =G39 -> 375039.43
A10: II. MATERIALES
A11: DESCRIPCION | C11: UNIDAD | D11: CANTIDAD | E11: VR UNIT. | F11: VR PARCIAL | G11: SUBTOTAL
F12: =ROUND((E12*D12),2) -> 0
F13: =ROUND((E13*D13),2) -> 0
F14: =ROUND((E14*D14),2) -> 0
F15: =ROUND((E15*D15),2) -> 0
F16: =ROUND((E16*D16),2) -> 0
A17: SUBTOTAL MATERIALES | G17: =ROUND((SUM(F12:F16)),2) -> 0
A19: III. TRANSPORTE
A20: NOMBRE | C20: UNIDAD | D20: CANTIDAD | E20: VR UNIT. | F20: VR PARCIAL | G20: SUBTOTAL
F21: =ROUND((E21*D21),2) -> 0
F22: =ROUND((E22*D22),2) -> 0
F23: =ROUND((E23*D23),2) -> 0
F24: =ROUND((E24*D24),2) -> 0
F25: =ROUND((E25*D25),2) -> 0
A26: SUBTOTAL TRASPORTE | G26: =ROUND((SUM(F21:F25)),2) -> 0
A30: IV. MANO DE OBRA
A35: TRABAJADOR | C35: UNIDAD | D35: CANTIDAD | E35: VR UNIT. | F35: VR PARCIAL | G35: SUBTOTAL
A37: SUBTOTAL | G37: 375039.43
A39: TOTAL COSTOS DIRECTOS | G39: =SUM(G37+G26+G17+G8) -> 375039.43

Sheet A.P.U 3,4
A1: PROYECTO: | B1: ='A.P.U 1,2'!$B$1:$G$1 -> 0
A2: FECHA: | B2: ='A.P.U 1,2'!$B$2:$G$2 -> 45783
A3: CAPITULO | B3: ='Formato APU'!#REF! -> #REF!
A5: ITEM | B5: DESCRIPCION | E5: UNIDAD | F5: CANT | G5: VALOR
A6: ='Formato APU'!#REF! -> #REF! | B6: ='Formato APU'!#REF! -> #REF! | E6: M3 | F6: ='Formato APU'!#REF! -> #REF! | G6: =G39 -> 70577.63
A10: II. MATERIALES
A11: DESCRIPCION | C11: UNIDAD | D11: CANTIDAD | E11: VR UNIT. | F11: VR PARCIAL | G11: SUBTOTAL
F12: =ROUND((E12*D12),2) -> 0
F13: =ROUND((E13*D13),2) -> 0
F14: =ROUND((E14*D14),2) -> 0
F15: =ROUND((E15*D15),2) -> 0
F16: =ROUND((E16*D16),2) -> 0
A17: SUBTOTAL MATERIALES | G17: =ROUND((SUM(F12:F16)),2) -> 0
A19: III. TRANSPORTE
A20: NOMBRE | C20: UNIDAD | D20: CANTIDAD | E20: VR UNIT. | F20: VR PARCIAL | G20: SUBTOTAL
F21: =ROUND((E21*D21),2) -> 0
F22: =ROUND((E22*D22),2) -> 0
F23: =ROUND((E23*D23),2) -> 0
F24: =ROUND((E24*D24),2) -> 0
F25: =ROUND((E25*D25),2) -> 0
A26: SUBTOTAL TRASPORTE | G26: =ROUND((SUM(F21:F25)),2) -> 0
A30: IV. MANO DE OBRA
A35: TRABAJADOR | C35: UNIDAD | D35: CANTIDAD | E35: VR UNIT. | F35: VR PARCIAL | G35: SUBTOTAL
A37: SUBTOTAL | G37: 70577.63
A39: TOTAL COSTOS DIRECTOS | G39: =SUM(G37+G26+G17+G8) -> 70577.63

Sheet A.P.U 3,5
A1: PROYECTO: | B1: ='A.P.U 1,2'!$B$1:$G$1 -> 0
A2: FECHA: | B2: ='A.P.U 1,2'!$B$2:$G$2 -> 45783
A3: CAPITULO | B3: ='Formato APU'!#REF! -> #REF!
A5: ITEM | B5: DESCRIPCION | E5: UNIDAD | F5: CANT | G5: VALOR
A6: ='Formato APU'!#REF! -> #REF! | B6: ='Formato APU'!#REF! -> #REF! | E6: UNIDAD | F6: ='Formato APU'!#REF! -> #REF! | G6: =G39 -> 170016.03
A10: II. MATERIALES
A11: DESCRIPCION | C11: UNIDAD | D11: CANTIDAD | E11: VR UNIT. | F11: VR PARCIAL | G11: SUBTOTAL
F12: =ROUND((E12*D12),2) -> 0
F13: =ROUND((E13*D13),2) -> 0
F14: =ROUND((E14*D14),2) -> 0
F15: =ROUND((E15*D15),2) -> 0
F16: =ROUND((E16*D16),2) -> 0
A17: SUBTOTAL MATERIALES | G17: =ROUND((SUM(F12:F16)),2) -> 0
A19: III. TRANSPORTE
A20: NOMBRE | C20: UNIDAD | D20: CANTIDAD | E20: VR UNIT. | F20: VR PARCIAL | G20: SUBTOTAL
F21: =ROUND((E21*D21),2) -> 0
F22: =ROUND((E22*D22),2) -> 0
F23: =ROUND((E23*D23),2) -> 0
F24: =ROUND((E24*D24),2) -> 0
F25: =ROUND((E25*D25),2) -> 0
A26: SUBTOTAL TRASPORTE | G26: =ROUND((SUM(F21:F25)),2) -> 0
A30: IV. MANO DE OBRA
A35: TRABAJADOR | C35: UNIDAD | D35: CANTIDAD | E35: VR UNIT. | F35: VR PARCIAL | G35: SUBTOTAL
A37: SUBTOTAL | G37: 170016.03
A39: TOTAL COSTOS DIRECTOS | G39: =SUM(G37+G26+G17+G8) -> 170016.03

Sheet A.P.U 3,6
A1: PROYECTO: | B1: ='A.P.U 1,2'!$B$1:$G$1 -> 0
A2: FECHA: | B2: ='A.P.U 1,2'!$B$2:$G$2 -> 45783
A3: CAPITULO | B3: ='Formato APU'!#REF! -> #REF!
A5: ITEM | B5: DESCRIPCION | E5: UNIDAD | F5: CANT | G5: VALOR
A6: ='Formato APU'!#REF! -> #REF! | B6: ='Formato APU'!#REF! -> #REF! | E6: UNIDAD | F6: ='Formato APU'!#REF! -> #REF! | G6: =G39 -> 118121.28
A10: II. MATERIALES
A11: DESCRIPCION | C11: UNIDAD | D11: CANTIDAD | E11: VR UNIT. | F11: VR PARCIAL | G11: SUBTOTAL
F12: =ROUND((E12*D12),2) -> 0
F13: =ROUND((E13*D13),2) -> 0
F14: =ROUND((E14*D14),2) -> 0
F15: =ROUND((E15*D15),2) -> 0
F16: =ROUND((E16*D16),2) -> 0
A17: SUBTOTAL MATERIALES | G17: =ROUND((SUM(F12:F16)),2) -> 0
A19: III. TRANSPORTE
A20: NOMBRE | C20: UNIDAD | D20: CANTIDAD | E20: VR UNIT. | F20: VR PARCIAL | G20: SUBTOTAL
F21: =ROUND((E21*D21),2) -> 0
F22: =ROUND((E22*D22),2) -> 0
F23: =ROUND((E23*D23),2) -> 0
F24: =ROUND((E24*D24),2) -> 0
F25: =ROUND((E25*D25),2) -> 0
A26: SUBTOTAL TRASPORTE | G26: =ROUND((SUM(F21:F25)),2) -> 0
A30: IV. MANO DE OBRA
A35: TRABAJADOR | C35: UNIDAD | D35: CANTIDAD | E35: VR UNIT. | F35: VR PARCIAL | G35: SUBTOTAL
A37: SUBTOTAL | G37: 118121.28
A39: TOTAL COSTOS DIRECTOS | G39: =SUM(G37+G26+G17+G8) -> 118121.28

Sheet A.P.U 3,7
A1: PROYECTO: | B1: ='A.P.U 1,2'!$B$1:$G$1 -> 0
A2: FECHA: | B2: ='A.P.U 1,2'!$B$2:$G$2 -> 45783
A3: CAPITULO | B3: ='Formato APU'!#REF! -> #REF!
A5: ITEM | B5: DESCRIPCION | E5: UNIDAD | F5: CANT | G5: VALOR
A6: ='Formato APU'!#REF! -> #REF! | B6: ='Formato APU'!#REF! -> #REF! | E6: UNIDAD | F6: ='Formato APU'!#REF! -> #REF! | G6: =G39 -> 99367.51
A10: II. MATERIALES
A11: DESCRIPCION | C11: UNIDAD | D11: CANTIDAD | E11: VR UNIT. | F11: VR PARCIAL | G11: SUBTOTAL
F12: =ROUND((E12*D12),2) -> 0
F13: =ROUND((E13*D13),2) -> 0
F14: =ROUND((E14*D14),2) -> 0
F15: =ROUND((E15*D15),2) -> 0
F16: =ROUND((E16*D16),2) -> 0
A17: SUBTOTAL MATERIALES | G17: =ROUND((SUM(F12:F16)),2) -> 0
A19: III. TRANSPORTE
A20: NOMBRE | C20: UNIDAD | D20: CANTIDAD | E20: VR UNIT. | F20: VR PARCIAL | G20: SUBTOTAL
F21: =ROUND((E21*D21),2) -> 0
F22: =ROUND((E22*D22),2) -> 0
F23: =ROUND((E23*D23),2) -> 0
F24: =ROUND((E24*D24),2) -> 0
F25: =ROUND((E25*D25),2) -> 0
A26: SUBTOTAL TRASPORTE | G26: =ROUND((SUM(F21:F25)),2) -> 0
A30: IV. MANO DE OBRA
A35: TRABAJADOR | C35: UNIDAD | D35: CANTIDAD | E35: VR UNIT. | F35: VR PARCIAL | G35: SUBTOTAL
A37: SUBTOTAL | G37: 99367.51
A39: TOTAL COSTOS DIRECTOS | G39: =SUM(G37+G26+G17+G8) -> 99367.51

Sheet A.P.U 4,1
A1: PROYECTO: | B1: ='A.P.U 1,2'!$B$1:$G$1 -> 0
A2: FECHA: | B2: ='A.P.U 1,2'!$B$2:$G$2 -> 45783
A3: CAPITULO | B3: ='Formato APU'!#REF! -> #REF!
A5: ITEM | B5: DESCRIPCION | E5: UNIDAD | F5: CANT | G5: VALOR
A6: ='Formato APU'!#REF! -> #REF! | B6: ='Formato APU'!#REF! -> #REF! | E6: M2 | F6: ='Formato APU'!#REF! -> #REF! | G6: =G39 -> 162293.88
A10: II. MATERIALES
A11: DESCRIPCION | C11: UNIDAD | D11: CANTIDAD | E11: VR UNIT. | F11: VR PARCIAL | G11: SUBTOTAL
F12: =ROUND((E12*D12),2) -> 0
F13: =ROUND((E13*D13),2) -> 0
F14: =ROUND((E14*D14),2) -> 0
F15: =ROUND((E15*D15),2) -> 0
F16: =ROUND((E16*D16),2) -> 0
A17: SUBTOTAL MATERIALES | G17: =ROUND((SUM(F12:F16)),2) -> 0
A19: III. TRANSPORTE
A20: NOMBRE | C20: UNIDAD | D20: CANTIDAD | E20: VR UNIT. | F20: VR PARCIAL | G20: SUBTOTAL
F21: =ROUND((E21*D21),2) -> 0
F22: =ROUND((E22*D22),2) -> 0
F23: =ROUND((E23*D23),2) -> 0
F24: =ROUND((E24*D24),2) -> 0
F25: =ROUND((E25*D25),2) -> 0
A26: SUBTOTAL TRASPORTE | G26: =ROUND((SUM(F21:F25)),2) -> 0
A30: IV. MANO DE OBRA
A35: TRABAJADOR | C35: UNIDAD | D35: CANTIDAD | E35: VR UNIT. | F35: VR PARCIAL | G35: SUBTOTAL
A37: SUBTOTAL | G37: 162293.88
A39: TOTAL COSTOS DIRECTOS | G39: =SUM(G37+G26+G17+G8) -> 162293.88

Sheet A.P.U 4,2
A1: PROYECTO: | B1: ='A.P.U 1,2'!$B$1:$G$1 -> 0
A2: FECHA: | B2: ='A.P.U 1,2'!$B$2:$G$2 -> 45783
A3: CAPITULO | B3: ='Formato APU'!#REF! -> #REF!
A5: ITEM | B5: DESCRIPCION | E5: UNIDAD | F5: CANT | G5: VALOR
A6: ='C.P.4,2'!B15 -> #REF! | B6: ='Formato APU'!#REF! -> #REF! | E6: M2 | F6: ='Formato APU'!#REF! -> #REF! | G6: =G39 -> 96447.39
A10: II. MATERIALES
A11: DESCRIPCION | C11: UNIDAD | D11: CANTIDAD | E11: VR UNIT. | F11: VR PARCIAL | G11: SUBTOTAL
F12: =ROUND((E12*D12),2) -> 0
F13: =ROUND((E13*D13),2) -> 0
F14: =ROUND((E14*D14),2) -> 0
F15: =ROUND((E15*D15),2) -> 0
F16: =ROUND((E16*D16),2) -> 0
A17: SUBTOTAL MATERIALES | G17: =ROUND((SUM(F12:F16)),2) -> 0
A19: III. TRANSPORTE
A20: NOMBRE | C20: UNIDAD | D20: CANTIDAD | E20: VR UNIT. | F20: VR PARCIAL | G20: SUBTOTAL
F21: =ROUND((E21*D21),2) -> 0
F22: =ROUND((E22*D22),2) -> 0
F23: =ROUND((E23*D23),2) -> 0
F24: =ROUND((E24*D24),2) -> 0
F25: =ROUND((E25*D25),2) -> 0
A26: SUBTOTAL TRASPORTE | G26: =ROUND((SUM(F21:F25)),2) -> 0
A30: IV. MANO DE OBRA
A35: TRABAJADOR | C35: UNIDAD | D35: CANTIDAD | E35: VR UNIT. | F35: VR PARCIAL | G35: SUBTOTAL
A37: SUBTOTAL | G37: 96447.39
A39: TOTAL COSTOS DIRECTOS | G39: =SUM(G37+G26+G17+G8) -> 96447.39

Sheet A.P.U 4,3
A1: PROYECTO: | B1: ='A.P.U 1,2'!$B$1:$G$1 -> 0
A2: FECHA: | B2: ='A.P.U 1,2'!$B$2:$G$2 -> 45783
A3: CAPITULO | B3: ='Formato APU'!#REF! -> #REF!
A5: ITEM | B5: DESCRIPCION | E5: UNIDAD | F5: CANT | G5: VALOR
A6: ='Formato APU'!#REF! -> #REF! | B6: ='Formato APU'!#REF! -> #REF! | E6: M2 | F6: ='Formato APU'!#REF! -> #REF! | G6: =G39 -> 60603.83
A10: II. MATERIALES
A11: DESCRIPCION | C11: UNIDAD | D11: CANTIDAD | E11: VR UNIT. | F11: VR PARCIAL | G11: SUBTOTAL
F12: =ROUND((E12*D12),2) -> 0
F13: =ROUND((E13*D13),2) -> 0
F14: =ROUND((E14*D14),2) -> 0
F15: =ROUND((E15*D15),2) -> 0
F16: =ROUND((E16*D16),2) -> 0
A17: SUBTOTAL MATERIALES | G17: =ROUND((SUM(F12:F16)),2) -> 0
A19: III. TRANSPORTE
A20: NOMBRE | C20: UNIDAD | D20: CANTIDAD | E20: VR UNIT. | F20: VR PARCIAL | G20: SUBTOTAL
F21: =ROUND((E21*D21),2) -> 0
F22: =ROUND((E22*D22),2) -> 0
F23: =ROUND((E23*D23),2) -> 0
F24: =ROUND((E24*D24),2) -> 0
F25: =ROUND((E25*D25),2) -> 0
A26: SUBTOTAL TRASPORTE | G26: =ROUND((SUM(F21:F25)),2) -> 0
A30: IV. MANO DE OBRA
A35: TRABAJADOR | C35: UNIDAD | D35: CANTIDAD | E35: VR UNIT. | F35: VR PARCIAL | G35: SUBTOTAL
A37: SUBTOTAL | G37: 60603.83
A39: TOTAL COSTOS DIRECTOS | G39: =SUM(G37+G26+G17+G8) -> 60603.83

Sheet Hoja2
